 Dungeon Crawl Stone Soup version 0.18-a0-912-g81d1dc4 (webtiles) character file.

316 dest the Conjurer (level 6, -4/32 HPs)
             Began as a Deep Elf Conjurer on Dec 25, 2015.
             Slain by an ice beast (12 damage)
             ... on level 5 of the Dungeon.
             The game lasted 00:41:16 (3541 turns).

dest the Conjurer (Deep Elf Conjurer)               Turns: 3541, Time: 00:41:16

Health: -4/32      AC:  4    Str:  7    XL:     6   Next: 20%
Magic:  13/14      EV: 14    Int: 20    God:
Gold:   109        SH:  0    Dex: 15    Spells: 4 memorised, 4 levels left

rFire  . . .     SeeInvis .     x - +1 rapier (flame)
rCold  . . .     Gourm    .     q - +0 robe {rN+}
rNeg   + . .     Faith    .     (no shield)
rPois  .         Spirit   .     m - +0 helmet
rElec  .         Dismiss  .     (no cloak)
rCorr  .         Reflect  .     t - +0 pair of gloves
SustAt .         Harm     .     (no boots)
MR     .....                    p - amulet of regeneration
Stlth  +++.......               (no ring)
                                (no ring)

@: not resistant to hostile enchantments, fairly stealthy
A: no striking features
a: no special abilities


You were on level 5 of the Dungeon.
You were not hungry.

You visited 1 branch of the dungeon, and saw 5 of its levels.

You collected 109 gold pieces.

Inventory:

Hand Weapons
 o - a +0 hunting sling
 x - a +1 rapier of flaming (weapon)
 B - a +4 dagger
Missiles
 e - 49 sling bullets
 l - 68 arrows
 r - 29 bolts
 w - 9 poisoned needles
Armour
 m - a +0 helmet (worn)
 q - a +0 robe of positive energy (worn)
 t - a +0 pair of gloves (worn)
Jewellery
 p - an amulet of regeneration (around neck)
Wands
 v - a wand of lightning (0/15)
 y - a wand of slowing (12/48)
Scrolls
 f - 2 scrolls of recharging {unknown}
 h - 2 scrolls of identify
 i - a scroll of noise {unknown}
 k - a scroll of blinking {unknown}
 u - a scroll of remove curse
Potions
 d - a potion of invisibility {unknown}
 g - a potion of beneficial mutation {unknown}
 n - a potion of haste {unknown}
 s - 2 potions of curing {unknown}
 z - a potion of mutation {unknown}
 A - a potion of cure mutation {unknown}
Books
 b - a book of Conjurations

   Spells                             Type                      Level
   a - Magic Dart                     Conjuration                  1
   b - Searing Ray                    Conjuration                  2
   c - Dazzling Spray                 Conjuration/Hexes            3
   d - Fulminant Prism                Conjuration/Hexes            4
   e - Iskenderun's Mystic Blast      Conjuration                  4
   f - Iskenderun's Battlesphere      Conjuration/Charms           5
Comestibles
 a - 4 chunks of flesh
 c - 2 bread rations
 j - a beef jerky


   Skills:
 - Level 2.0 Short Blades
 + Level 4.0 Dodging
 * Level 5.1 Stealth
 + Level 4.6 Spellcasting
 + Level 5.3 Conjurations


You had 4 spell levels left.
You knew the following spells:

 Your Spells              Type           Power        Failure   Level  Hunger
a - Magic Dart            Conj           ####         1%          1    None
b - Searing Ray           Conj           ####..       2%          2    #......
c - Dazzling Spray        Conj/Hex       ###.....     14%         3    ##.....
d - Iskenderun's Mystic   Conj           ####....     17%         4    ####...


Dungeon Overview and Level Annotations

Branches:
Dungeon (4/15)
 Temple: D:4-7

Altars:
Qazlal


Message History

Wield which item (- for none, * to show all)? (? for menu, Esc to quit)
It bursts into flame!
x - a +1 rapier of flaming (weapon)
You barely miss the ice beast. The ice beast hits you.
The ice beast freezes you!
You hit the ice beast.
You melt the ice beast.
The ice beast is heavily wounded.
The ice beast hits you. The ice beast freezes you!
* * * LOW HITPOINT WARNING * * *
The crimson imp blinks!
The ice beast hits you but does no damage.
Found a scroll labeled TAIGETWOCER.
You see here a scroll labeled TAIGETWOCER.
Found a blue potion.
You barely miss the ice beast.
The ice beast is moderately wounded.
The ice beast hits you.
* * * LOW HITPOINT WARNING * * *
The ice beast freezes you!
You die...

... #..#
#.# ...
##.. #.#
...# #.#
##># #.#
.. #.# .)
#.# #o#
#Y# #@#
#....!...
########.


You could see an ice beast and an orc.

Vanquished Creatures
  An ogre (D:4)
  Jessica (D:2)
  A hound (D:4)
  2 orc wizards (D:4)
  A worker ant (D:4)
  4 adders
  6 orcs (D:4)
  A ball python (D:2)
  10 bats
  4 hobgoblins
  4 jackals (D:1)
  A kobold (D:2)
  2 quokkas
  3 giant cockroaches
  8 giant newts
  12 goblins
  A jackal skeleton (D:4)
  12 rats
74 creatures vanquished.

Notes
Turn   | Place    | Note
--------------------------------------------------------------
     0 | D:1      | dest the Deep Elf Conjurer began the quest for the Orb.
     0 | D:1      | Reached XP level 1. HP: 10/10 MP: 6/6
   173 | D:1      | Reached XP level 2. HP: 15/15 MP: 1/8
  1118 | D:1      | Reached XP level 3. HP: 19/19 MP: 8/10
  1245 | D:2      | Found a stormy altar of Qazlal.
  1605 | D:2      | Learned a level 2 spell: Searing Ray
  1609 | D:2      | Learned a level 3 spell: Dazzling Spray
  1689 | D:2      | Reached skill level 1 in Short Blades
  1723 | D:2      | Noticed Jessica
  1726 | D:2      | Killed Jessica
  1726 | D:2      | Reached XP level 4. HP: 24/24 MP: 6/11
  2071 | D:3      | Reached skill level 5 in Conjurations
  2080 | D:3      | Learned a level 4 spell: Iskenderun's Mystic Blast
  2126 | D:3      | Found a faded altar to an unknown god.
  2625 | D:4      | Reached XP level 5. HP: 28/28 MP: 5/13
  3358 | D:4      | Noticed an ogre
  3364 | D:4      | Killed an ogre
  3364 | D:4      | Reached skill level 5 in Stealth
  3364 | D:4      | Reached XP level 6. HP: 32/32 MP: 4/14
  3498 | D:4      | You fall through a shaft!
  3498 | D:5      | Entered Level 5 of the Dungeon
  3523 | D:5      | HP: 1/32 [ice beast (9)]
  3541 | D:5      | Slain by an ice beast

Vault maps used:
D:1:      dpeg_arrival_ratfight, grunt_decor_fettered, minmay_newt_pond
D:2:      lemuel_crystal_altar, first_bread, minmay_strange_pillars,
          uniq_jessica
D:3:      ecumenical_altar_2
D:5:      minmay_temple_entry_statues_fountains, serial_shops,
          nicolae_shop_trees, kennysheep_small_square

Action                   |  1- 3 |  4- 6 || total
-------------------------+-------+-------++-------
Melee: Dagger            |    43 |    73 ||   116
       Unarmed           |     2 |       ||     2
       Rapier            |       |     3 ||     3
 Cast: Magic Dart        |    61 |    65 ||   126
       Dazzling Spray    |       |     3 ||     3
       Iskenderun's Myst |       |     2 ||     2
       Searing Ray       |       |     1 ||     1
Evoke: Wand              |       |     2 ||     2
  Use: Scroll            |     1 |     3 ||     4
  Eat: Chunk             |     2 |     5 ||     7
       Meat ration       |       |     1 ||     1
